 Dungeon Crawl Stone Soup version 0.30-a0-394-g3e4acdb0ae (webtiles) character file.

Game seed: 16340043220195248159

168 Darkkill the Shooter (level 5, -2/46 HPs)
             Began as a Minotaur Hunter on Dec 6, 2022.
             Slain by a gnoll
             ... wielding a +0 flail
              (10 damage)
             ... on level 3 of the Dungeon.
             The game lasted 00:02:25 (1632 turns).

Darkkill the Shooter (Minotaur Hunter)              Turns: 1632, Time: 00:02:25

Health: -2/46      AC:  5    Str: 15    XL:     5   Next: 24%
Magic:  4/4        EV: 13    Int:  6    God:
Gold:   1243       SH:  0    Dex: 16    Spells: 4/4 levels left

rFire   . . .      SeeInvis .    a - +0 shortbow
rCold   . . .      Faith    .    (shield currently unavailable)
rNeg    . . .      Spirit   .    c - +0 leather armour
rPois   .          Reflect  .    (helmet restricted)
rElec   .          Harm     .    (no cloak)
rCorr   .          Rampage  .    l - +0 pair of gloves
Will    .....                    h - +0 pair of boots
Stlth   ++........               (no amulet)
HPRegen 0.27/turn                (no ring)
MPRegen 0.09/turn                (no ring)

@: no status effects
A: horns 2, retaliatory headbutt
a: no special abilities


You were on level 3 of the Dungeon.
You visited 1 branch of the dungeon, and saw 3 of its levels.

You collected 1243 gold pieces.

Inventory:

Hand Weapons
 a - a +0 shortbow (weapon)
Missiles
 i - 6 atropa-tipped darts
 j - 24 stones
 k - 6 javelins
Armour
 c - a +0 leather armour (worn)
 h - a +0 pair of boots (worn)
 l - a +0 pair of gloves (worn)
Jewellery
 g - a ring of resist corrosion
Scrolls
 b - a scroll of immolation
Potions
 d - 2 potions of haste
 e - a potion of might
 f - a potion of flight
 m - a potion of berserk rage {unknown}


   Skills:
 + Level 3.8 Fighting
 + Level 5.1 Ranged Weapons
 + Level 0.5 Throwing
 + Level 0.6 Armour
 + Level 3.3 Dodging
 + Level 2.1 Stealth
 + Level 0.3 Spellcasting


You had 4 spell levels left.
You didn't know any spells.
Your spell library contained the following spells:

 Spells                   Type           Power      Damage    Failure   Level
 Magic Dart               Conj           0%         1d3       52%         1
 Call Imp                 Summ           0%         N/A       67%         2
 Scorch                   Fire           0%         2d5       67%         2
 Gell's Gravitas          Tloc           0%         N/A       88%         3
 Mephitic Cloud           Conj/Pois/Air  0%         N/A       88%         3
 Teleport Other           Tloc           0%         N/A       88%         3
 Flame Wave               Conj/Fire      0%         2d4       99%         4
 Dispersal                Tloc           0%         N/A       100%        6
 Summon Cactus Giant      Summ           0%         N/A       100%        6


Dungeon Overview and Level Annotations

Branches:
Dungeon (3/15)

Altars:
Uskayaw
The Shining One


Innate Abilities, Weirdness & Mutations

You have a pair of horns on your head.
You reflexively headbutt those who attack you in melee.


Message History

You shoot an arrow.
The arrow hits the orc but does no damage.
The orc is almost dead.
The orc hits you with a +1 trident of protection.
You shoot an arrow.
The arrow hits the orc but does no damage.
The orc is almost dead.
The orc misses you.
The orc hits you with a +1 trident of protection.
You shoot an arrow.
The arrow hits the orc but does no damage.
The orc is almost dead.
The orc completely misses you.
An orc comes into view. It is wielding a +0 club.
You shoot an arrow.
The arrow hits the orc but does no damage.
The orc is almost dead.
The orc hits you but does no damage.
You shoot an arrow. The arrow barely misses the orc. x2
The orc hits you with a +1 trident of protection!
* * * LOW HITPOINT WARNING * * *
You shoot an arrow. The arrow hits the orc.
You kill the orc!
The orc closely misses you. You furiously retaliate!
You headbutt the orc!
You kill the orc!
Things that are here:
a +1 trident of protection; a +0 chain mail
Items here: )) [ ††.
Things that are here:
a +1 dagger of flaming; a +0 robe; an orc corpse
k - 5 javelins
Things that are here:
a +1 dagger of flaming; a +0 robe; an orc corpse
Items here: )) [ ††.
Things that are here:
a +1 trident of protection; a +0 chain mail
Items here: )) [[.
k - 6 javelins (gained 1)
You open the door. You open the door.
A kobold skeleton comes into view.
Found 6 gold pieces.
There is an open door here.
A kobold skeleton is nearby!
You shoot an arrow. The arrow hits the kobold skeleton.
The kobold skeleton is severely damaged.
A kobold skeleton is nearby!
You shoot an arrow. The arrow hits the kobold skeleton.
You destroy the kobold skeleton!
An orc skeleton comes into view.
Found a hide-covered altar of Uskayaw.
You shoot an arrow. The arrow hits the orc skeleton!
You destroy the orc skeleton!
No target in view!
You now have 1243 gold pieces (gained 6).
A rat comes into view.
You shoot an arrow. The arrow hits the rat.
You kill the rat!
g - a ring of resist corrosion No target in view!
A gnoll comes into view. It is wielding a +0 spear.
You shoot an arrow. The arrow closely misses the gnoll.
A gnoll is nearby!
You shoot an arrow. The arrow closely misses the gnoll.
A gnoll comes into view. It is wielding a +0 flail.
A gnoll is nearby!
You shoot an arrow. The arrow hits the gnoll.
The gnoll is heavily wounded.
A gnoll is nearby!
You shoot an arrow. The arrow completely misses the gnoll.
There are monsters nearby!
You shoot an arrow. The arrow barely misses the gnoll.
The gnoll closely misses you.
There are monsters nearby!
You shoot an arrow. The arrow hits the gnoll.
The gnoll is heavily wounded.
The gnoll barely misses you.
The gnoll hits you from afar with a +0 spear!
There are monsters nearby!
You shoot an arrow. The arrow hits the gnoll.
The gnoll is heavily wounded.
The gnoll hits you from afar with a +0 spear.
The gnoll hits you with a +0 flail!
There are monsters nearby!
You are too injured to fight recklessly!
There are monsters nearby!
You are too injured to fight recklessly!
There are monsters nearby!
You are too injured to fight recklessly!
There are monsters nearby!
You shoot an arrow. The arrow hits the gnoll.
The gnoll is almost dead.
The gnoll hits you from afar with a +0 spear!
The gnoll closely misses you.
You shoot an arrow. The arrow hits the gnoll.
The gnoll is almost dead.
The gnoll closely misses you. The gnoll hits you with a +0 flail!
* * * LOW HITPOINT WARNING * * *
The gnoll hits you with a +0 flail!
You die...

#.#...##.....##....≈≈.≈≈.#
#<....# #.+####....≈...≈.#
#.#....###..#.#....≈.8.≈..
#.#....................†..
#.#..............#........
#.##+#+.......########...
#......#......# ..
##............#
.......g@...# ###..g######
#..# .... ..# .


You could see 2 gnolls.

Vanquished Creatures
  A crimson imp (D:3)
  Natasha (D:3)
  2 orc wizards (D:3)
  An adder (D:2)
  5 orcs (D:3)
  2 ball pythons (D:1)
  2 bats
  5 endoplasms
  A giant cockroach (D:2)
  4 goblins
  5 hobgoblins
  2 quokkas (D:2)
  4 frilled lizards
  A goblin skeleton (D:3)
  A goblin zombie (D:3)
  2 hobgoblin zombies (D:3)
  3 kobolds (D:2)
  2 kobold skeletons (D:3)
  2 kobold zombies (D:3)
  2 orc skeletons (D:3)
  2 rats
50 creatures vanquished.

Notes
Turn   | Place    | Note
-------+----------+-------------------------------------------
     0 | D:1      | Darkkill the Minotaur Hunter began the quest for the Orb.
     0 | D:1      | Reached XP level 1. HP: 18/18 MP: 0/0
   109 | D:1      | Reached skill level 1 in Stealth
   147 | D:1      | Reached XP level 2. HP: 25/25 MP: 1/1
   871 | D:2      | Reached XP level 3. HP: 31/31 MP: 2/2
  1165 | D:2      | Identified a scroll of acquirement
  1165 | D:2      | Acquired 1133 gold pieces
  1198 | D:3      | Found a glowing golden altar of the Shining One.
  1257 | D:3      | Reached XP level 4. HP: 21/38 MP: 3/3
  1377 | D:3      | Noticed Natasha
  1384 | D:3      | Killed Natasha
  1385 | D:3      | Reached skill level 5 in Ranged Weapons
  1424 | D:3      | Reached XP level 5. HP: 32/46 MP: 4/4
  1600 | D:3      | Found a hide-covered altar of Uskayaw.
  1632 | D:3      | HP: 8/46 [gnoll/+0 flail (11)]
  1632 | D:3      | Slain by a gnoll

Illustrated notes

Levels and vault maps discovered:
D:1:      amcnicky_arrival_underground_garden, layout_loops_ring
D:2:      layout_basic, minmay_increasing_density
D:3:      layout_basic, lemuel_coloured_pillars_altar,
          nicolae_tso_besieged_by_evil, mainiacjoe_overflow_catwalk,
          serial_shops, nicolae_shop_trees, uniq_natasha

Skill      XL: |  1  2  3  4 |
---------------+-------------+-----
Stealth        | 1 2 |  2.1
Fighting       | 3 |  3.8
Dodging        | 3 |  3.3
Ranged Weapons | 5 |  5.1
Throwing       | |  0.5
Armour         | |  0.6
Spellcasting   | |  0.3

Action                   |  1- 3 |  4- 6 || total
-------------------------+-------+-------++-------
 Fire: Shortbow          |   126 |    43 ||   169
Throw: Javelin           |       |     6 ||     6
  Use: Scroll            |     8 |       ||     8
Armor: Leather armour    |    26 |     5 ||    31
Dodge: Dodged            |    51 |    15 ||    66

Table legend: (Time is in decaauts)
 A = Elapsed time spent in this place.
 B = Non-inter-level travel time spent in this place.
 C = Inter-level travel time spent in this place.
 D = Time resting spent in this place.
 E = Time spent auto-exploring this place.
 F = Levels seen in this place.
 G = Mean time per level.
                   A        B        C        D        E       F      G
               +--------+--------+--------+--------+--------+-----+--------+
         Total |   1691 |   1660 |     31 |      0 |   1323 |   3 |  563.7 |
       Dungeon |   1691 |   1660 |     31 |      0 |   1323 |   3 |  563.7 |
               +--------+--------+--------+--------+--------+-----+--------+

Top non-repeatable levels by time:
     D:1: 666 daAuts
     D:2: 548 daAuts
     D:3: 476 daAuts

Table legend:
 A = Kills in this place as a percentage of kills in entire the game.
 B = Kills by you in this place as a percentage of kills by you in the entire game.
 C = Kills by friends in this place as a percentage of kills by friends in the entire game.
 D = Other kills in this place as a percentage of other kills in the entire game.
 E = Experience gained in this place as a percentage of experience gained in the entire game.
 F = Experience gained in this place divided by the number of levels of this place that you have seen.
                   A       B       C       D       E      F
               +-------+-------+-------+-------+-------+----------------------
         Total | 100.0 | 100.0 |   N/A |   N/A | 100.0 |  80.3
       Dungeon | 100.0 | 100.0 |   N/A |   N/A | 100.0 |  80.3
               +-------+-------+-------+-------+-------+----------------------
